 Dungeon Crawl Stone Soup version 0.23-a0-488-g5fd82c5 (webtiles) character file.

33220 Lanoc the Carver (level 13, -18/114 HPs)
             Began as a Gnoll Chaos Knight on Dec 1, 2018.
             Was a Plaything of Xom.
             Demolished by Gastronok the caustic shrike (shapeshifter) (25 damage)
             ... on level 1 of the Lair of Beasts.
             The game lasted 01:25:03 (15788 turns).

Lanoc the Carver (Gnoll Chaos Knight)              Turns: 15788, Time: 01:25:06

Health: -18/114    AC: 19    Str: 29 (30) XL:     13   Next: 69%
Magic:  22/25      EV: 17    Int: 15 (16) God:    Xom [..*...]
Gold:   1301       SH:  0    Dex: 14      Spells: 25/28 levels left

rFire    + . .     SeeInvis +   d - +5 dagger (chaos)
rCold    x x .     Gourm    .   (no shield)
rNeg     . . .     Faith    +   j - +4 troll leather armour {Snorg}
rPois    .         Spirit   .   (helmet restricted)
rElec    .         Reflect  .   Z - +2 cloak
rCorr    .         Harm     .   (no gloves)
MR       .....                  b - +2 pair of boots of the Assassin {Detection Stab+ Stlth++}
Stlth    +++++++...             O - amulet "Ycocezay" {Faith rC- Str+3}
HPRegen  0.69/turn              k - ring of see invisible
MPRegen  0.19/turn              f - ring of Qiaxtax {Fire Str+4 Int+2 Stlth+}

@: no status effects
A: distributed training, claws 1, fangs 1, hooves 1, horns 2, slimy green scales
2, clumsy 1, deterioration 1, robust 1, strong 2, wild magic 1, MP-powered
wands, strong nose
a: Renounce Religion


You were on level 1 of the Lair of Beasts.
You worshipped Xom.
You were a toy of Xom.
You were not hungry.

You visited 3 branches of the dungeon, and saw 14 of its levels.
You also visited: Trove and Sewer.

You collected 1555 gold pieces.
You spent 254 gold pieces at shops.

Inventory:

Hand Weapons
 d - a +5 dagger of chaos (weapon)
 q - a +3 vampiric war axe
 t - the +4 hand axe "Gadocal" {chop, rElec rF+ Str-5 Dex+4}
   (You found it on level 9 of the Dungeon)

   It inflicts extra damage upon your enemies.
   It affects your strength (-5).
   It affects your dexterity (+4).
   It protects you from fire.
   It insulates you from electricity.
 I - the +5 hand crossbow "Juorurgh" {velocity, *Drain Str+7 Int+2 SInv}
   (You found it on level 8 of the Dungeon)

   Any bolt fired from it inflicts extra damage.
   It affects your strength (+7).
   It affects your intelligence (+2).
   It lets you see invisible.
   It causes draining when unequipped.
 P - the +5 falchion of Cehicvu {freeze, rPois rF+++ Int-5 Stlth+}
   (You bought it in a shop on level 7 of the Dungeon)

   It has been specially enchanted to freeze those struck by it, causing extra
   injury to most foes and up to half again as much damage against particularly
   susceptible opponents.
   It can also slow down cold-blooded creatures.
   It affects your intelligence (-5).
   It renders you almost immune to fire.
   It protects you from poison.
   It makes you more stealthy.
Missiles
 u - 121 arrows
 v - 170 bolts
 z - 70 sling bullets
Armour
 b - the +2 pair of boots of the Assassin (worn) {Detection Stab+ Stlth++}
   (You found it in a treasure trove)

   It makes you much more stealthy.
 j - a +4 troll leather armour (worn) {Snorg}
 Z - a +2 cloak (worn)
Jewellery
 e - an uncursed amulet of regeneration
 f - the ring of Qiaxtax (right claw) {Fire Str+4 Int+2 Stlth+}
   (You found it in a treasure trove)

   [ring of fire]

   It enhances your fire magic.
   It affects your strength (+4).
   It affects your intelligence (+2).
   It protects you from fire.
   It makes you vulnerable to cold.
   It makes you more stealthy.
 k - a ring of see invisible (left claw)
 O - the amulet "Ycocezay" (around neck) {Faith rC- Str+3}
   (You found it on level 6 of the Dungeon)

   [amulet of faith]

   It allows you to gain divine favour quickly.
   It affects your strength (+3).
   It makes you vulnerable to cold.
Wands
 a - a wand of scattershot (7)
 y - a wand of acid (2)
 N - a wand of clouds (7)
 Q - a wand of digging (5)
 R - a wand of disintegration (10)
 S - a wand of enslavement (6)
 T - a wand of iceblast (17)
 U - a wand of paralysis (19)
 V - a wand of random effects (7)
 X - a wand of polymorph (10)
 Y - a wand of flame (20)
Scrolls
 g - 2 scrolls of identify
 i - 12 scrolls of teleportation
 w - 2 scrolls of amnesia
 x - 9 scrolls of remove curse
 D - a scroll of blinking
 E - 5 scrolls of fog
 F - 3 scrolls of fear
 H - 2 scrolls of magic mapping
Potions
 h - a potion of curing
 l - a potion of agility
 A - 5 potions of brilliance
 C - 3 potions of flight
 K - 2 potions of magic
 L - 2 potions of might
 M - a potion of mutation
Miscellaneous
 n - a crystal ball of energy
 o - a lamp of fire
 p - a sack of spiders
 r - a lamp of fire
Comestibles
 c - 22 rations
 m - 2 chunks of flesh


   Skills:
 + Level 10.5 Fighting
 + Level 8.4 Short Blades
 + Level 10.5 Long Blades
 + Level 8.4 Axes
 + Level 8.4 Maces & Flails
 + Level 8.4 Polearms
 + Level 8.4 Staves
 + Level 8.4 Slings
 + Level 8.4 Bows
 + Level 8.4 Crossbows
 + Level 8.4 Throwing
 + Level 9.6 Armour
 + Level 8.8 Dodging
 + Level 8.4 Stealth
 + Level 8.4 Shields
 + Level 8.4 Unarmed Combat
 + Level 8.4 Spellcasting
 + Level 7.0 Conjurations
 + Level 7.0 Hexes
 + Level 7.0 Charms
 + Level 7.0 Summonings
 + Level 7.0 Necromancy
 + Level 7.0 Translocations
 + Level 7.0 Transmutations
 + Level 7.0 Fire Magic
 + Level 7.0 Ice Magic
 + Level 7.0 Air Magic
 + Level 7.0 Earth Magic
 + Level 7.0 Poison Magic
 + Level 9.1 Invocations
 + Level 8.4 Evocations


You had 25 spell levels left.
You knew the following spells:

 Your Spells              Type           Power        Failure   Level  Hunger
a - Spider Form           Tmut/Pois      #####.....   3%          3    ##.....

Your spell library contained the following spells:

 Spells                   Type           Power        Failure   Level  Hunger
 Beastly Appendage        Tmut           #####.       1%          1    None
 Summon Butterflies       Summ           #####...     1%          1    None
 Ensorcelled Hibernation  Hex/Ice        #####.       2%          2    None
 Sticks to Snakes         Tmut           #####...     2%          2    None
 Swiftness                Chrm/Air       #####...     2%          2    None
 Call Canine Familiar     Summ           #####...     3%          3    ##.....
 Regeneration             Chrm/Necr      #####.....   3%          3    ##.....
 Spectral Weapon          Hex/Chrm       #####...     3%          3    ##.....
 Ice Form                 Ice/Tmut       #####...     11%         4    ####...
 Summon Ice Beast         Ice/Summ       #####...     11%         4    ####...
 Blade Hands              Tmut           #####.....   26%         5    #####..
 Summon Mana Viper        Hex/Summ       #####...     26%         5    #####..
 Summon Hydra             Summ           #####.....   100%        7    #######


Dungeon Overview and Level Annotations

Branches:
Dungeon (11/15)            Temple (0/1) D:5            Lair (1/6) D:10
    Orc (2/2) D:11            Elf (0/3) Orc:2

Altars:
Ashenzari
Cheibriados
Elyvilon
Kikubaaqudgha
Makhleb
Nemelex Xobeh
Qazlal
Xom
The Shining One
Beogh

Shops:
D:6 *   D:7 (   D:8 :   Orc:2 %(*}

Annotations:
Lair:1 Gastronok


Innate Abilities, Weirdness & Mutations

Your experience applies equally to all skills.
You have very sharp teeth.
Your uncanny sense of smell can sniff out nearby items.
You have sharp fingernails.
You have large cloven feet.
You have a pair of horns on your head.
You are mostly covered in slimy green scales. (AC +3)
You are clumsy. (Dex -2)
Your body sometimes deteriorates upon taking damage.
You are robust. (+10% HP)
Your muscles are very strong. (Str +4)
Your spells are a little harder to cast, but a little more powerful.
You expend magic power (3 MP) to strengthen your wands.


Message History

Evoke which item? (* to show all) (? for menu, Esc to quit)
Aiming: Corrosive Bolt
Press: ? - help, Shift-Dir - straight line, f - Gastronok
Aim: Gastronok the caustic shrike shaped shifter (lightly wounded)
The bolt of acid hits Gastronok.
Gastronok is splashed with acid.
The acid corrodes Gastronok!
Gastronok is moderately wounded.
You feel a surge of power! Gastronok claws you.
You are splashed with acid!
The acid burns!
Gastronok claws you!!
You are splashed with acid!
The acid burns!
* * * LOW HITPOINT WARNING * * *
Okay, then.
Evoke which item? (* to show all) (? for menu, Esc to quit)
You reach into the bag... ...but nothing happens.
Gastronok claws you!
* * * LOW HITPOINT WARNING * * *
You are splashed with acid!
The acid burns!
* * * LOW HITPOINT WARNING * * *
Gastronok claws you!!
You die...
Xom thinks this is hilarious!

#.## #. ###.# #. ...#####> #.#
..... #........# ##.# .#..#
#..###.### ..# ##.#..# #..##*
#.###....## #...# #.........# #.P
#>.## #.###..#.#####... #...#####
###..##...........# #.†.....#
##....@b...........# ## †÷†####..
#..#.###.........#.###. .....## ,
##...###..####.P.#.##.. .##...#
####?...#..## #.#....†.. .###.##
......#....# #......###
.##...##.##.....P.######.#.#...#
.......#.#.#..................##
..............###.#######.....###
P.......##.#.## ##.##.##...#....#


You could see Gastronok the caustic shrike shaped shifter.

Vanquished Creatures
  An orc warlord (Orc:2)
  A stone giant (Orc:2)
  Snorg (D:11)
  Josephine (D:10)
  Harold (D:9)
  4 two-headed ogres
  3 orc high priests (Orc:2)
  Nergalle (D:10)
  A death drake (shapeshifter) (D:9)
  A sea snake (D:10)
  5 orc knights (Orc:2)
  2 orc sorcerers (Orc:2)
  A centaur zombie (D:11)
  An elephant (D:10)
  Maurice (D:8)
  A black mamba (Lair:1)
  Joseph (D:9)
  Psyche (D:8)
  A spiny frog (Lair:1)
  A kobold demonologist (D:11)
  A komodo dragon (D:11)
  3 trolls
  Prince Ribbit (D:6)
  A polar bear (shapeshifter) (D:10)
  4 hippogriffs
  A slime creature (Orc:2)
  Grinder (D:3)
  Sigmund (D:2)
  A wraith (D:10)
  21 yaks
  A redback (shapeshifter) (Orc:2)
  4 wargs (Orc:2)
  A hungry ghost (D:11)
  2 water moccasins (Lair:1)
  5 porcupines (Lair:1)
  A swamp drake (D:5)
  5 slaves (D:9)
  38 orc warriors
  A phantom (D:5)
  2 ice beasts
  4 sky beasts
  6 wolves (Lair:1)
  A centaur (D:11)
  15 ogres
  4 crocodiles (Lair:1)
  6 big kobolds
  Blork the orc (D:5)
  6 bullfrogs
  A scorpion (D:6)
  3 killer bees
  A howler monkey (D:9)
  An electric eel (D:11)
  5 crimson imps
  3 hounds
  26 orc priests
  A gnoll shaman (D:7)
  A jelly (D:8)
  13 orc wizards
  A centaur skeleton (D:5)
  2 iguanas
  6 worker ants
  3 hound zombies
  A worker ant zombie (D:5)
  A gnoll (shapeshifter) (D:4)
  9 gnolls
  7 river rats
  16 adders
  A howler monkey skeleton (D:5)
  3 shadow imps (D:11)
  2 oozes
  2 worms
  2 dart slugs
  8 leopard geckos
  A leopard gecko (shapeshifter) (D:11)
  95 orcs
  5 bats
  8 giant cockroaches
  10 goblins
  7 hobgoblins
  8 jackals
  5 quokkas
  14 ball pythons
  10 frilled lizards
  30 kobolds
  8 kobold skeletons (D:11)
  10 kobold zombies (D:11)
  36 rats
534 creatures vanquished.

Vanquished Creatures (collateral kills)
  Urug (D:11)
  A centaur skeleton (D:11)
  2 hippogriffs
  4 wraiths (D:10)
  2 basilisks (D:10)
  An orc warrior (D:11)
  An ice beast (D:11)
  An eye of draining (D:8)
  A centaur (D:8)
  3 killer bees
  2 crimson imps
  2 orc priests
  2 orc wizards
  An adder (D:9)
  6 orcs
  A kobold (D:11)
31 creatures vanquished.

Vanquished Creatures (others)
  A dancing weapon (Orc:2)
  An orc sorcerer (Orc:2)
  A warg (Orc:2)
  An ogre (Orc:2)
  A crocodile (D:11)
  A killer bee (D:10)
  An orc priest (Orc:2)
  A leopard gecko (D:7)
  An orc (Orc:2)
9 creatures vanquished.

Grand Total: 574 creatures vanquished

Notes
Turn   | Place    | Note
-------+----------+-------------------------------------------
     0 | D:1      | Lanoc the Gnoll Chaos Knight began the quest for the Orb.
     0 | D:1      | Reached XP level 1. HP: 23/23 MP: 1/1
    69 | D:1      | Reached XP level 2. HP: 29/29 MP: 2/2
   117 | D:1      | XOM: silly message
   291 | D:1      | Reached XP level 3. HP: 32/35 MP: 3/3
   379 | D:1      | XOM: harmless Conj miscast
   648 | D:2      | XOM: potion effect (invisibility)
   651 | D:2      | Reached skill level 1 in Invocations
   652 | D:2      | Reached skill level 1 in Short Blades
   652 | D:2      | Reached skill level 1 in Axes
   652 | D:2      | Reached skill level 1 in Maces & Flails
   652 | D:2      | Reached skill level 1 in Polearms
   652 | D:2      | Reached skill level 1 in Staves
   652 | D:2      | Reached skill level 1 in Slings
   652 | D:2      | Reached skill level 1 in Bows
   652 | D:2      | Reached skill level 1 in Crossbows
   652 | D:2      | Reached skill level 1 in Throwing
   652 | D:2      | Reached skill level 1 in Stealth
   652 | D:2      | Reached skill level 1 in Shields
   652 | D:2      | Reached skill level 1 in Unarmed Combat
   652 | D:2      | Reached skill level 1 in Spellcasting
   652 | D:2      | Reached skill level 1 in Evocations
   652 | D:2      | Reached XP level 4. HP: 16/41 MP: 3/5
   675 | D:2      | Found a shattered altar of Ashenzari.
   955 | D:2      | Noticed Sigmund
   968 | D:2      | Killed Sigmund
   968 | D:2      | Reached skill level 1 in Conjurations
   968 | D:2      | Reached skill level 1 in Hexes
   968 | D:2      | Reached skill level 1 in Charms
   968 | D:2      | Reached skill level 1 in Summonings
   968 | D:2      | Reached skill level 1 in Necromancy
   968 | D:2      | Reached skill level 1 in Translocations
   968 | D:2      | Reached skill level 1 in Transmutations
   968 | D:2      | Reached skill level 1 in Fire Magic
   968 | D:2      | Reached skill level 1 in Ice Magic
   968 | D:2      | Reached skill level 1 in Air Magic
   968 | D:2      | Reached skill level 1 in Earth Magic
   968 | D:2      | Reached skill level 1 in Poison Magic
   968 | D:2      | Reached XP level 5. HP: 37/47 MP: 5/7
   968 | D:2      | Reached XP level 6. HP: 41/53 MP: 5/8
  1038 | D:2      | XOM: noise
  1057 | D:2      | XOM: noise
  1262 | D:2      | XOM: scenery: create altars
  1383 | D:3      | XOM: smoke on damage
  1441 | D:3      | Noticed Grinder
  1469 | D:3      | Killed Grinder
  1469 | D:3      | Reached skill level 5 in Armour
  1469 | D:3      | Reached XP level 7. HP: 37/59 MP: 8/10
  1942 | D:3      | Found a snail-covered altar of Cheibriados.
  2300 | D:4      | Learned a level 3 spell: Spider Form
  2310 | D:4      | Noticed Ijyb
  2315 | D:4      | Paralysed by Ijyb for 3 turns
  2323 | D:4      | Ijyb changed into Ijyb the iguana
  2860 | D:4      | Found a burning altar of Makhleb.
  3459 | D:5      | Entered Level 5 of the Dungeon
  3459 | D:5      | Found a white marble altar of Elyvilon.
  3490 | D:5      | Reached XP level 8. HP: 61/67 MP: 12/12
  3500 | D:5      | XOM: silly message
  3503 | D:5      | XOM: noise
  3648 | D:5      | XOM: harmless Tmut miscast
  3704 | D:5      | Found a staircase to the Ecumenical Temple.
  3763 | D:5      | XOM: harmless Hex miscast
  3833 | D:5      | Found a glowing drain.
  3837 | Sewer    | Entered a sewer
  3880 | Sewer    | XOM: smoke on damage
  4037 | Sewer    | XOM: noise
  4257 | Sewer    | XOM: harmless Erth miscast
  4284 | Sewer    | XOM: mild Necr miscast
  4288 | Sewer    | XOM: noise
  4438 | Sewer    | XOM: medium Tmut miscast
  4507 | Sewer    | XOM: harmless Tloc miscast
  4695 | D:5      | XOM: harmless Tloc miscast
  4746 | D:5      | XOM: silly message
  4784 | D:5      | Found a shimmering altar of Xom.
  4805 | D:5      | Noticed Blork the orc
  4818 | D:5      | Killed Blork the orc
  5860 | D:6      | Noticed Prince Ribbit
  5861 | D:6      | XOM: potion effect (curing)
  5962 | D:6      | XOM: god gift: tapered ivory wand {god gift}
  6180 | D:6      | Found a stormy altar of Qazlal.
  6197 | D:6      | Reached XP level 9. HP: 68/72 MP: 14/14
  6205 | D:6      | Found Eco Dyur's Elemental Accessories.
  6208 | D:6      | XOM: enchant monster (bad)
  6217 | D:6      | XOM: summons 2 friendly demons
  6224 | D:6      | XOM: medium Fire miscast
  6245 | D:6      | Killed Prince Ribbit
  6629 | D:6      | Got a pitted zirconium amulet
  6630 | D:6      | Identified the amulet "Ycocezay" {Faith rC- Str+3} (You
                  | found it on level 6 of the Dungeon)
  6655 | D:6      | XOM: god gift: wand of clouds (3)
  6703 | D:6      | Found a sparkling altar of Nemelex Xobeh.
  6847 | D:6      | XOM: harmless Tmut miscast
  6972 | D:7      | Found Untaune's Antique Weapon Emporium.
  6982 | D:7      | Bought a twisted falchion for 184 gold pieces
  6982 | D:7      | Identified the +5 falchion of Cehicvu {freeze, rPois rF+++
                  | Int-5 Stlth+} (You bought it in a shop on level 7 of the
                  | Dungeon)
  6991 | D:7      | Reached skill level 5 in Dodging
  6991 | D:7      | XOM: give mutations
  6991 | D:7      | Gained mutation: Scrolls take you a little longer to read.
                  | [Xom's mischief]
  6991 | D:7      | Gained mutation: You are clumsy. (Dex -2) [Xom's mischief]
  6991 | D:7      | Gained mutation: You are very clumsy. (Dex -4) [Xom's
                  | mischief]
  6991 | D:7      | Gained mutation: Your body sometimes deteriorates upon
                  | taking damage. [Xom's mischief]
  7058 | D:7      | XOM: give mutations
  7058 | D:7      | Lost mutation: You are very clumsy. (Dex -4) [Xom's
                  | mischief]
  7058 | D:7      | Gained mutation: You are partially covered in slimy green
                  | scales. (AC +2) [Xom's mischief]
  7058 | D:7      | Gained mutation: You are very clumsy. (Dex -4) [Xom's
                  | mischief]
  7058 | D:7      | Gained mutation: Your muscles are strong. (Str +2) [Xom's
                  | mischief]
  7312 | D:7      | XOM: mild Tloc miscast
  7313 | D:7      | XOM: silly message
  7317 | D:7      | XOM: cast spell 'Ring of Flames'
  7324 | D:7      | XOM: confuse monster(s)
  7327 | D:7      | XOM: blink monster(s)
  7332 | D:7      | XOM: polymorph gnoll -> leopard gecko
  7336 | D:7      | XOM: enchant monster (good)
  7381 | D:7      | XOM: summons friendly ufetubus
  7382 | D:7      | XOM: cast spell 'Summon Horrible Things'
  7786 | D:8      | Noticed Maurice
  7792 | D:8      | XOM: scenery: create altars
  7796 | D:8      | XOM: cast spell 'Ring of Flames'
  7802 | D:8      | Killed Maurice
  7802 | D:8      | Reached skill level 5 in Invocations
  7954 | D:8      | Reached XP level 10. HP: 48/80 MP: 0/17
  8015 | D:8      | XOM: give mutations
  8015 | D:8      | Gained mutation: You have large cloven feet. [Xom's grace]
  8015 | D:8      | Gained mutation: You have a pair of small horns on your
                  | head. [Xom's grace]
  8015 | D:8      | Gained mutation: Your flesh is cold resistant. (rC+) [Xom's
                  | grace]
  8188 | D:8      | Found Owaipnob's Book Shoppe.
  8210 | D:8      | Identified Xom's Incunabulum of Duck's Teeth (Xom gifted it
                  | to you on level 8 of the Dungeon)
  8210 | D:8      | XOM: god gift: Xom's Incunabulum of Duck's Teeth
  8459 | D:8      | XOM: draining
  8470 | D:8      | Noticed Psyche
  8478 | D:8      | XOM: divination: detect items
  8484 | D:8      | Killed Psyche
  8484 | D:8      | Reached skill level 5 in Short Blades
  8484 | D:8      | Reached skill level 5 in Axes
  8484 | D:8      | Reached skill level 5 in Maces & Flails
  8484 | D:8      | Reached skill level 5 in Polearms
  8484 | D:8      | Reached skill level 5 in Staves
  8484 | D:8      | Reached skill level 5 in Slings
  8484 | D:8      | Reached skill level 5 in Bows
  8484 | D:8      | Reached skill level 5 in Crossbows
  8484 | D:8      | Reached skill level 5 in Throwing
  8484 | D:8      | Reached skill level 5 in Stealth
  8484 | D:8      | Reached skill level 5 in Shields
  8484 | D:8      | Reached skill level 5 in Unarmed Combat
  8484 | D:8      | Reached skill level 5 in Spellcasting
  8484 | D:8      | Reached skill level 5 in Evocations
  8876 | D:8      | Got a polished hand crossbow
  9026 | D:9      | Identified the +5 hand crossbow "Juorurgh" {velocity,
                  | *Drain Str+7 Int+2 SInv} (You found it on level 8 of the
                  | Dungeon)
  9070 | D:9      | XOM: blink monster(s)
  9070 | D:9      | Noticed Pikel
  9073 | D:9      | XOM: medium Ice miscast
  9078 | D:9      | Pikel changed into Pikel the yak
  9083 | D:9      | Noticed Pikel
  9083 | D:9      | Pikel the yak changed into Pikel the death drake
  9083 | D:9      | XOM: polymorph Pikel the yak -> Pikel the death drake
  9098 | D:9      | XOM: noise
  9101 | D:9      | Killed Pikel the death drake
  9107 | D:9      | Noticed Harold
  9111 | D:9      | XOM: destruction
  9131 | D:9      | Killed Harold
  9323 | D:9      | XOM: give mutations
  9323 | D:9      | Gained mutation: Your muscles are very strong. (Str +4)
                  | [Xom's grace]
  9323 | D:9      | Gained mutation: You are robust. (+10% HP) [Xom's grace]
  9379 | D:9      | Got a jewelled hand axe
  9380 | D:9      | Identified the +4 hand axe "Gadocal" {chop, rElec rF+ Str-5
                  | Dex+4} (You found it on level 9 of the Dungeon)
  9398 | D:9      | XOM: 1-stop teleportation journey
  9421 | D:9      | XOM: fog
  9423 | D:9      | XOM: summons 10 friendly demons
  9424 | D:9      | Noticed a two-headed ogre
  9426 | D:9      | XOM: summons friendly crimson imp
  9430 | D:9      | XOM: fog
  9438 | D:9      | Killed a two-headed ogre
  9563 | D:9      | Found a glowing golden altar of the Shining One.
  9563 | D:9      | Noticed Joseph
  9824 | D:9      | Killed Joseph
  9824 | D:9      | Reached XP level 11. HP: 89/95 MP: 19/19
  9887 | D:10     | Entered Level 10 of the Dungeon
  9893 | D:10     | XOM: give mutations
  9893 | D:10     | Gained mutation: You have a pair of horns on your head.
                  | [Xom's grace]
  9893 | D:10     | Gained mutation: You are mostly covered in slimy green
                  | scales. (AC +3) [Xom's grace]
  9893 | D:10     | Lost mutation: You are very clumsy. (Dex -4) [Xom's grace]
  9893 | D:10     | Gained mutation: Your spells are a little harder to cast,
                  | but a little more powerful. [Xom's grace]
  9900 | D:10     | XOM: fake destruction
  9909 | D:10     | XOM: divination: magic mapping
  9910 | D:10     | XOM: potion effect (berserk rage)
  9911 | D:10     | XOM: cast spell 'Call Canine Familiar'
  9953 | D:10     | Found a staircase to the Lair.
  9953 | D:10     | XOM: 4-stop teleportation journey
 10004 | D:10     | XOM: god gift: runed longbow {god gift}
 10205 | D:10     | XOM: divination: magic mapping
 10207 | D:10     | XOM: destruction
 10216 | D:10     | XOM: potion effect (magic)
 10248 | D:10     | Noticed Nergalle
 10253 | D:10     | Noticed a spectral orc warlord
 10259 | D:10     | Killed Nergalle
 10259 | D:10     | Reached skill level 5 in Conjurations
 10259 | D:10     | Reached skill level 5 in Hexes
 10259 | D:10     | Reached skill level 5 in Charms
 10259 | D:10     | Reached skill level 5 in Summonings
 10259 | D:10     | Reached skill level 5 in Necromancy
 10259 | D:10     | Reached skill level 5 in Translocations
 10259 | D:10     | Reached skill level 5 in Transmutations
 10259 | D:10     | Reached skill level 5 in Fire Magic
 10259 | D:10     | Reached skill level 5 in Ice Magic
 10259 | D:10     | Reached skill level 5 in Air Magic
 10259 | D:10     | Reached skill level 5 in Earth Magic
 10259 | D:10     | Reached skill level 5 in Poison Magic
 10308 | D:10     | Noticed Josephine
 10312 | D:10     | XOM: enchant monster (good)
 10326 | D:10     | Killed Josephine
 10443 | D:10     | XOM: scenery: 1 doors open
 10446 | D:10     | XOM: blink monster(s)
 10521 | D:10     | XOM: god gift: twisted jewelled staff {god gift}
 10537 | D:10     | Noticed Fannar
 10541 | D:10     | XOM: divination: magic mapping
 10548 | D:10     | Noticed Fannar
 10548 | D:10     | Fannar changed into Fannar the sea snake
 10548 | D:10     | XOM: enchant monster (good)
 10556 | D:10     | Killed Fannar the sea snake
 10698 | D:10     | Noticed a two-headed ogre
 10705 | D:10     | XOM: cast spell 'Alistair's Intoxication'
 10706 | D:10     | XOM: destruction
 10710 | D:10     | XOM: summons friendly smoke demon
 10719 | D:10     | Killed a two-headed ogre
 10936 | D:10     | Found a portal to a secret trove of treasure.
 10984 | Trove    | Entered a treasure trove
 10990 | Trove    | Found the +2 pair of boots of the Assassin {Detection Stab+
                  | Stlth++}
 11014 | Trove    | Got a crude granite ring
 11072 | D:10     | Identified the ring of Qiaxtax {Fire Str+4 Int+2 Stlth+}
                  | (You found it in a treasure trove)
 11385 | D:11     | XOM: swap monsters
 11387 | D:11     | XOM: confuse monster(s)
 11393 | D:11     | XOM: 5-stop teleportation journey
 11408 | D:11     | Noticed Urug
 11412 | D:11     | XOM: summons friendly shadow imp
 11414 | D:11     | Killed Urug
 11468 | D:11     | XOM: divination: magic mapping
 11536 | D:11     | XOM: enchant monster (good)
 11540 | D:11     | XOM: scenery: 1 doors close
 11564 | D:11     | XOM: polymorph orc priest -> gnoll
 11570 | D:11     | Noticed Snorg
 11585 | D:11     | XOM: polymorph gnoll -> ball python
 11593 | D:11     | XOM: fog
 11611 | D:11     | Reached XP level 12. HP: 36/105 MP: 22/22
 11627 | D:11     | XOM: cleaving
 11628 | D:11     | XOM: summons friendly shadow imp
 11632 | D:11     | XOM: summons friendly ufetubus
 11641 | D:11     | Killed Snorg
 11728 | D:11     | XOM: 2-stop teleportation journey
 11903 | D:11     | XOM: chaos upgrade
 11942 | D:11     | Found an ancient bone altar of Kikubaaqudgha.
 11952 | D:11     | XOM: summons 2 friendly demons
 11966 | D:11     | XOM: enchant monster (good)
 12218 | D:11     | XOM: harmless Air miscast
 12232 | D:11     | Found a staircase to the Orcish Mines.
 12446 | Orc:1    | Entered Level 1 of the Orcish Mines
 12467 | Orc:1    | XOM: enchant monster (bad)
 12693 | Orc:2    | Entered Level 2 of the Orcish Mines
 12776 | Orc:2    | XOM: enchant monster (bad)
 12809 | Orc:2    | XOM: cast spell 'Death Channel'
 12932 | Orc:2    | Found a roughly hewn altar of Beogh.
 12987 | Orc:2    | XOM: enchant monster (bad)
 13072 | Orc:2    | Found Evitros's Food Boutique.
 13073 | Orc:2    | XOM: cast spell 'Cause Fear'
 13103 | Orc:2    | XOM: summons friendly white imp
 13109 | Orc:2    | XOM: medium Pois miscast
 13253 | Orc:2    | Noticed a stone giant
 13262 | Orc:2    | Killed a stone giant
 13289 | Orc:2    | Reached skill level 10 in Fighting
 13289 | Orc:2    | Reached skill level 10 in Long Blades
 13291 | Orc:2    | XOM: smoke on damage
 13333 | Orc:2    | XOM: harmless Tloc miscast
 13643 | Orc:2    | XOM: severe Pois miscast
 13649 | Orc:2    | XOM: divination: detect items
 13651 | Orc:2    | XOM: give mutations
 13651 | Orc:2    | Gained mutation: You expend magic power (3 MP) to
                  | strengthen your wands. [Xom's grace]
 13651 | Orc:2    | Gained mutation: You are resistant to hostile enchantments.
                  | (MR+) [Xom's grace]
 13660 | Orc:2    | HP: 4/106 [poisoned by a redback]
 13665 | Orc:2    | HP: 2/106 [poisoned by a redback]
 13670 | Orc:2    | HP: 1/106 [poisoned by a redback]
 13676 | Orc:2    | HP: 1/106 [poisoned by a redback]
 13681 | Orc:2    | HP: 3/106 [poisoned by a redback]
 13688 | Orc:2    | HP: 5/106 [poisoned by a redback]
 13935 | Orc:2    | Found a staircase to the Elven Halls.
 13977 | Orc:2    | Noticed an orc warlord
 13993 | Orc:2    | Noticed a two-headed ogre
 14007 | Orc:2    | Killed a two-headed ogre
 14007 | Orc:2    | Reached XP level 13. HP: 83/113 MP: 24/24
 14013 | Orc:2    | XOM: summons friendly red devil
 14015 | Orc:2    | XOM: divine lightning
 14132 | Orc:1    | XOM: give mutation
 14132 | Orc:1    | Gained mutation: You have sharp fingernails. [Xom's grace]
 14252 | Orc:2    | XOM: scenery: create altars
 14265 | Orc:2    | XOM: medium Tloc miscast
 14365 | Orc:2    | Killed an orc warlord
 14370 | Orc:2    | XOM: swap monsters
 14483 | Orc:2    | XOM: enchant monster (bad)
 14510 | Orc:2    | XOM: medium Summ miscast
 14564 | Orc:2    | XOM: polymorph orc warrior -> warg
 14595 | Orc:2    | XOM: give mutations
 14595 | Orc:2    | Lost mutation: You are resistant to hostile enchantments.
                  | (MR+) [Xom's mischief]
 14595 | Orc:2    | Lost mutation: Your flesh is cold resistant. (rC+) [Xom's
                  | mischief]
 14595 | Orc:2    | Lost mutation: Scrolls take you a little longer to read.
                  | [Xom's mischief]
 14603 | Orc:2    | XOM: mild Pois miscast
 14623 | Orc:2    | XOM: divination: detect items
 14669 | Orc:2    | Found a roughly hewn altar of Beogh.
 14687 | Orc:2    | Found Apebbiory's Gadget Shop.
 14687 | Orc:2    | XOM: noise
 14739 | Orc:2    | XOM: cast spell 'Shadow Creatures'
 14829 | Orc:2    | XOM: polymorph orc high priest -> slime creature
 14833 | Orc:2    | Found Utaste Zixt's General Store.
 14836 | Orc:2    | XOM: divination: detect creatures
 14865 | Orc:2    | Bought a ration for 70 gold pieces
 14883 | Orc:2    | XOM: divination: magic mapping
 15035 | Orc:2    | XOM: harmless Ice miscast
 15046 | Orc:2    | Found Cititopt's Weapon Shop.
 15063 | Orc:2    | XOM: scenery: 2 doors close
 15230 | D:11     | XOM: god gift: 57 gold pieces
 15235 | D:11     | XOM: destruction
 15331 | Lair:1   | Entered Level 1 of the Lair of Beasts
 15415 | Lair:1   | XOM: summons 7 friendly demons
 15433 | Lair:1   | XOM: silly message
 15641 | Lair:1   | XOM: divination: magic mapping
 15652 | Lair:1   | XOM: harmless Erth miscast
 15700 | Lair:1   | XOM: mild Chrm miscast
 15762 | Lair:1   | Noticed Gastronok
 15769 | Lair:1   | XOM: confusion
 15784 | Lair:1   | Noticed Gastronok
 15784 | Lair:1   | Gastronok changed into Gastronok the caustic shrike
 15788 | Lair:1   | Demolished by Gastronok the caustic shrike (shapeshifter)

Vault maps used:
D:1:      dpeg_arrival_shrine
D:2:      lemuel_round_altar, minivault_25, uniq_sigmund
D:3:      cheibriados_altar_1, uniq_grinder
D:4:      first_ration, lemuel_tele_altar, uniq_ijyb
D:5:      kennysheep_little_box, minmay_temple_entry_purple_smoke, basic_altar,
          gup_sewer_entry_spiral, uniq_blork_the_orc
D:6:      grunt_qazlal_clouds, nicolae_elemental_shop,
          nemelex_dance_club_becter, uniq_prince_ribbit1
D:7:      serial_shops, nicolae_shop_behind_doors
D:8:      serial_shops, nicolae_shop_crystal, blue_anna_alchemist, uniq_maurice,
          uniq_psyche
D:9:      tso_metal_star, uniq_pikel, uniq_harold, uniq_joseph
D:10:     david_lair_generic, nicolae_trove_entry_crystal,
          minmay_variable_closet, uniq_fannar, uniq_josephine, uniq_nergalle
D:11:     wander_kiku_kobolds, erik_orc_2, uniq_snorg, uniq_urug
Lair:1:   uniq_gastronok
Orc:2:    pubby_orc_utopia
Trove:    trove_simple
Sewer:    sewer_minmay_w

Skill      XL: |  1  2  3  4  5  6  7  8  9 10 11 12 13 |
---------------+----------------------------------------+-----
Invocations    | 1 2 3 4 5 6 7 8 9 |  9.1
Short Blades   | 1 2 3 4 5 6 7 8 |  8.4
Axes           | 1 2 3 4 5 6 7 8 |  8.4
Maces & Flails | 1 2 3 4 5 6 7 8 |  8.4
Polearms       | 1 2 3 4 5 6 7 8 |  8.4
Staves         | 1 2 3 4 5 6 7 8 |  8.4
Slings         | 1 2 3 4 5 6 7 8 |  8.4
Bows           | 1 2 3 4 5 6 7 8 |  8.4
Crossbows      | 1 2 3 4 5 6 7 8 |  8.4
Throwing       | 1 2 3 4 5 6 7 8 |  8.4
Stealth        | 1 2 3 4 5 6 7 8 |  8.4
Shields        | 1 2 3 4 5 6 7 8 |  8.4
Unarmed Combat | 1 2 3 4 5 6 7 8 |  8.4
Spellcasting   | 1 2 3 4 5 6 7 8 |  8.4
Evocations     | 1 2 3 4 5 6 7 8 |  8.4
Dodging        | 3 4 5 6 7 8 |  8.8
Conjurations   | 1 2 3 4 5 6 7 |  7.0
Hexes          | 1 2 3 4 5 6 7 |  7.0
Charms         | 1 2 3 4 5 6 7 |  7.0
Summonings     | 1 2 3 4 5 6 7 |  7.0
Necromancy     | 1 2 3 4 5 6 7 |  7.0
Translocations | 1 2 3 4 5 6 7 |  7.0
Transmutations | 1 2 3 4 5 6 7 |  7.0
Fire Magic     | 1 2 3 4 5 6 7 |  7.0
Ice Magic      | 1 2 3 4 5 6 7 |  7.0
Air Magic      | 1 2 3 4 5 6 7 |  7.0
Earth Magic    | 1 2 3 4 5 6 7 |  7.0
Poison Magic   | 1 2 3 4 5 6 7 |  7.0
Armour         | 5 6 7 8 9 |  9.6
Fighting       | 7 8 9 10 | 10.5
Long Blades    | 7 8 9 10 | 10.5

Action                   |  1- 3 |  4- 6 |  7- 9 | 10-12 | 13-15 || total
-------------------------+-------+-------+-------+-------+-------++-------
Melee: Falchion          |    53 |   110 |   511 |   244 |   123 ||  1041
       Bite              |     5 |    16 |    67 |   129 |    47 ||   264
       Punch             |     1 |     1 |     5 |    40 |    21 ||    68
       Headbutt          |       |       |       |   243 |    93 ||   336
       Dagger            |       |       |       |   572 |   177 ||   749
Evoke: Wand              |       |       |     9 |     1 |     3 ||    13
       Lamp of fire      |       |       |       |       |     1 ||     1
       Sack of spiders   |       |       |       |       |     1 ||     1
  Use: Scroll            |       |       |    15 |    12 |     3 ||    30
       Potion            |       |       |     7 |    13 |       ||    20
 Stab: Invisible         |     1 |     4 |       |       |       ||     5
       Sleeping          |       |     2 |     9 |    28 |    15 ||    54
       Petrifying        |       |     1 |       |     4 |       ||     5
       Confused          |       |     1 |     1 |     5 |     1 ||     8
       Paralysed         |       |       |    12 |    14 |     2 ||    28
       Distracted        |       |       |       |     7 |     1 ||     8
       Petrified         |       |       |       |     2 |       ||     2
  Eat: Chunk             |       |     2 |    18 |    20 |     6 ||    46
       Ration            |       |       |     1 |       |       ||     1
Armor: Leather armour    |    14 |    18 |   117 |       |       ||   149
       Ring mail         |       |       |    55 |   173 |       ||   228
       Troll leather arm |       |       |       |   124 |    61 ||   185
Dodge: Dodged            |    33 |    55 |   383 |   602 |   150 ||  1223
       Rpst.: Falchion   |    13 |    20 |   106 |    56 |    29 ||   224

Table legend:
 A = Non-vault XP
 B = Vault XP
 C = Vault XP percentage of total XP
 D = Non-vault monster count
 E = Vault monster count
 F = Vault count percentage of total count
                 A         B        C        D         E       F
            +---------+---------+-------+---------+---------+-------
      Total |   17604 |   29854 |  62.9 |     269 |     294 |  52.2
            +---------+---------+-------+---------+---------+-------
        D:1 |      41 |       0 |   0.0 |      26 |       0 |   0.0
        D:2 |      93 |     231 |  71.3 |      22 |       1 |   4.3
        D:3 |     239 |     258 |  51.9 |      42 |       1 |   2.3
        D:4 |     244 |      14 |   5.4 |       8 |       1 |  11.1
        D:5 |     576 |     145 |  20.1 |      21 |       8 |  27.6
        D:6 |     587 |     424 |  41.9 |      16 |       3 |  15.8
        D:7 |     525 |       0 |   0.0 |      15 |       0 |   0.0
        D:8 |    1298 |     978 |  43.0 |      23 |       3 |  11.5
        D:9 |    1314 |    1989 |  60.2 |       9 |       3 |  25.0
       D:10 |    2924 |    3689 |  55.8 |      19 |      12 |  38.7
       D:11 |    2593 |    2990 |  53.6 |      23 |      71 |  75.5
     Lair:1 |    5762 |       0 |   0.0 |      33 |       0 |   0.0
      Orc:1 |    1408 |       0 |   0.0 |      12 |       0 |   0.0
      Orc:2 |       0 |   18779 | 100.0 |       0 |     143 | 100.0
      Sewer |       0 |     357 | 100.0 |       0 |      48 | 100.0
            +---------+---------+-------+---------+---------+-------
